[Event "*** Titled Tuesday 3|2 Blitz"]
[Site "Chess.com"]
[Date "2017.03.07"]
[Round "2"]
[White "GM_Splinter"]
[Black "AllStarShark"]
[Result "1-0"]
[WhiteElo "2177"]
[BlackElo "2267"]
[TimeControl "180+2"]
[EndTime "13:21:37 PST"]
[Termination "GM_Splinter won by checkmate"]

1. e4 c6 2. d4 d5 3. Nd2 dxe4 4.
Nxe4 Nf6 5. Nxf6+ exf6 6. Be3 Bf5 7. Bd3 Bxd3 8. Qxd3 Bd6 9. Ne2 Nd7 10. O-O-O Qa5 11. Kb1 O-O-O 12. c4 g6 13. Nc3 Rhe8 14. c5 Bb8 15. Qc4 Re7 16. d5 Ne5 17. Qb3 cxd5 18. Nxd5 Red7 19. Nxf6 Rxd1+ 20. Rxd1 Rxd1+ 21. Qxd1 Qb5 22. b3 h5 23. Nd5 Qd3+ 24. Qxd3 Nxd3 25. g3 Ne5 26. Bf4 Ng4 27. Ne7+ Kd7 28. Nxg6 fxg6 29. Bxb8 Nxf2 30. Bxa7 Ng4 31. h4 Kc6 32. a4 Nf2 33. b4 Ne4 34. b5+ Kc7 35. Bb6+ Kc8 36. c6 Nc3+ 37. Kc2 Nxa4 38. cxb7+ Kxb7 39. Bd4 Kc7 40. Kb3 Nb6 41. Bxb6+ Kxb6 42. Kb4 Kc7 43. Kc5 Kb7 44.
b6 Kb8 45. Kb5 Kb7 46. Kc5 g5 47. hxg5 h4 48. gxh4 Kb8 49. g6 Kc8 50. g7 Kb7 51.
g8=Q Ka6 52. Qa8# 1-0

[Event "*** Titled Tuesday 3|2 Blitz"]
[Site "Chess.com"]
[Date "2017.03.07"]
[Round "2"]
[White "Anton_Demchenko"]
[Black "Robin-Side"]
[Result "1-0"]
[WhiteElo "2618"]
[BlackElo "2453"]
[TimeControl "180+2"]
[EndTime "13:21:48 PST"]
[Termination "Anton_Demchenko won by resignation"]

1. e4 g6 2. d4 Bg7 3. Nc3 e6 4. Be3 Ne7 5. Qd2 d5 6. f3 c5 7. Nge2 Nbc6 8. O-O-O dxe4 9. Nxe4 cxd4 10. Nxd4 Nxd4 11.
Bxd4 Bxd4 12. Bb5+ Nc6 13. Qxd4 Qxd4 14. Rxd4 Ke7 15.
Bxc6 bxc6 16. Rhd1 e5 17. Rd6 Be6 18. Rxc6 Rhc8 19.
Ra6 Rc7 20. b3 h6 21. c4 f5 22. Nc3 Rac8 23. Nd5+ Bxd5 24. Rxd5 Kf7 25. Rxe5 Rd8 26. Ree6 Rcd7 27. Rf6+ Ke8 28. Rae6+ Re7 29. Rxg6 Kf7 30. Rgf6+ Ke8 31. Rxh6 Rxe6 32. Rxe6+ Kf7 33. Ra6 Rd7 34. Kc2 Kg7 35. g3 Rd6 36. Rxd6 1-0

[Event "*** Titled Tuesday 3|2 Blitz"]
[Site "Chess.com"]
[Date "2017.03.07"]
[Round "2"]
[White "cheese111"]
[Black "David_Klein"]
[Result "0-1"]
[WhiteElo "2266"]
[BlackElo "2434"]
[TimeControl "180+2"]
[EndTime "13:21:48 PST"]
[Termination "David_Klein won on time"]

1. e4 c5 2. Nf3 e6 3. g3 Nc6 4. Bg2 Nf6 5. Qe2 d5 6. exd5 Nxd5 7.
O-O Be7 8. Rd1 Qb6 9. Na3 Bf6 10. Nc4 Qc7 11. d4 cxd4 12. c3 O-O 13. cxd4 b6 14.
Bg5 Bb7 15. Rac1 Qe7 16. Bxf6 Nxf6 17. Nfe5 Nb4 18. Bxb7 Qxb7 19. a3 Nbd5 20. Rc2 Rad8 21. Rdc1 h6 22. Nd2 a6 23. Ne4 Nxe4 24. Qxe4 Rc8 25.
Nc6 Rc7 26. Nb4 Nxb4 27. Qxb7 Rxb7 28. axb4 Rd8 29. Rc8 Rd7 30. Rxd8+ Rxd8 31. Rc6 b5 32. Rxa6 Rxd4 33. Ra8+ Kh7 34. Ra7 Kg6 35. Rc7 Rxb4 36. Rc2 Kf5 37. f3 g5 38. Kf2 h5 39. Ke3 Rb3+ 40.
Kf2 g4 41. Rc5+ e5 42. fxg4+ hxg4 43. Rc2 Ke4 44. Ke2 f5 45. Kd2 f4 46. Ke2 f3+ 47. Kf2 Kd3 48. Rc5 Rxb2+ 49. Kf1 e4 0-1

[Event "*** Titled Tuesday 3|2 Blitz"]
[Site "Chess.com"]
[Date "2017.03.07"]
[Round "2"]
[White "Gergo85"]
[Black "Rating-Schmating"]
[Result "1-0"]
[WhiteElo "2435"]
[BlackElo "2287"]
[TimeControl "180+2"]
[EndTime "13:21:49 PST"]
[Termination "Gergo85 won by resignation"]

1. e4 e6 2. d4 d5 3. Nd2 a6 4. Ngf3 Nf6 5. e5 Nfd7 6. c3 c5 7. Bd3 Nc6 8. O-O g5 9. dxc5 Ndxe5 10.
Nxe5 Nxe5 11. Nb3 Nxd3 12. Qxd3 Bd7 13. Re1 Bb5 14. Qg3 h6 15. Be3 Bg7 16. Bd4 O-O 17. Bxg7 Kxg7 18. Nd4 Qf6 19. b4 Rfe8 20. a4 e5 21. Nf3 e4 22. Nxg5 Qxg5 23. axb5 axb5 24.
Rad1 Ra3 25. Re3 f5 26. h4 Qxg3 27. Rxg3+ Kf6 28. Rxd5 f4 29. Rg4 Rxc3 30. Rxf4+ Ke6 31. Rd4 Rc1+ 32. Kh2 Re1 33. Rfxe4+ Kf5 34. Rxe8 Rxe8 35.
f3 Re7 36. g4+ Kg6 37. Kg3 Re6 38. Rd6 Kf6 39. g5+ Kf5 40. Rxe6 Kxe6 41. gxh6 Kf6 42.
Kf4 Kg6 43. Ke5 Kxh6 44. Ke6 Kh5 45. f4 Kxh4 46. f5 Kg4 47. f6 Kf4 48. f7 Ke4 49. f8=Q Kd4 50. Qf4+ Kc3 51. Kd5 1-0

[Event "*** Titled Tuesday 3|2 Blitz"]
[Site "Chess.com"]
[Date "2017.03.07"]
[Round "2"]
[White "Tash_Boy"]
[Black "eldur16"]
[Result "0-1"]
[WhiteElo "2515"]
[BlackElo "2312"]
[TimeControl "180+2"]
[EndTime "13:21:49 PST"]
[Termination "eldur16 won by resignation"]

1. e4 g6 2. d4 Bg7 3. Nc3 d6 4.
g3 Nf6 5. Bg2 O-O 6. Nge2 e5 7.
O-O Nc6 8. h3 exd4 9. Nxd4 Bd7 10. Be3 Re8 11. Re1 a6 12. a4 Nxd4 13. Bxd4 c5 14.
Be3 Bc6 15. Bf4 Re6 16. Qd2 b5 17. axb5 axb5 18. Rad1 b4 19. Nd5 Bxd5 20. exd5 Rxe1+ 21. Rxe1 Qb6 22. Bf3 Nd7 23. Re7 Ne5 24. Bxe5 Bxe5 25.
Bg4 Rf8 26. Be6 Qd8 27. Rd7 Qf6 28. Qh6 Bd4 29. Qf4 fxe6 30. c3 Be5 31. Qxf6 Bxf6 32.
dxe6 bxc3 33. bxc3 Bxc3 34. Rxd6 Bd4 35. Rd7 Bxf2+ 36.
Kg2 Bd4 37. h4 Re8 38. Rd6 Kg7 39. g4 Kf6 40. g5+ Ke5 41. Rd7 Rxe6 42. Rxh7 c4 43. Kf3 c3 44. Ke2 Kd5+ 45. Kd3 Re3+ 46. Kc2 Re2+ 47.
Kd1 c2+ 48. Kxe2 c1=Q 49. Rd7+ Ke5 50. Re7+ Kf5 51. Rf7+ Ke4 52. Re7+ Be5 0-1

[Event "*** Titled Tuesday 3|2 Blitz"]
[Site "Chess.com"]
[Date "2017.03.07"]
[Round "2"]
[White "Keranke"]
[Black "x-3738459472"]
[Result "1-0"]
[WhiteElo "2727"]
[BlackElo "2486"]
[TimeControl "180+2"]
[EndTime "13:21:54 PST"]
[Termination "Keranke won by resignation"]

1. d4 d5 2. Bf4 Nf6 3. e3 c5 4.
Nc3 a6 5. Nf3 Nc6 6. dxc5 e6 7.
Na4 Nh5 8. Bg5 Nf6 9. c3 Be7 10. Bd3 O-O 11. O-O e5 12. Be2 Be6 13. b4 Ne4 14.
Bxe7 Qxe7 15. Nd2 Nf6 16. a3 Rad8 17. Qc2 h6 18. Rad1 Rfe8 19. Rfe1 Bg4 20. Bxg4 Nxg4 21.
h3 Nf6 22. Nf3 e4 23. Nd4 Ne5 24. Nb6 Nd3 25. Re2 Qe5 26. Nb3 Nd7 27. Nxd7 Rxd7 28.
Nc1 Nxc1 29. Qxc1 Rc8 30. Red2 Rcd8 31. Rd4 Qe6 32. Qd2 Qc6 33. c4 Qa4 34. cxd5 Qxa3 35. d6 a5 36. Rxe4 b6 37. Qd3 axb4 38. Qxa3 bxa3 39. c6 Rxd6 40. Rxd6 Rxd6 41. c7 Rd1+ 42. Kh2 Rc1 43. Re8+ Kh7 44. c8=Q Rxc8 45. Rxc8 b5 46.
Ra8 b4 47. Ra4 a2 48. Rxa2 1-0

[Event "*** Titled Tuesday 3|2 Blitz"]
[Site "Chess.com"]
[Date "2017.03.07"]
[Round "2"]
[White "SCIM"]
[Black "iturrizaga"]
[Result "1-0"]
[WhiteElo "2310"]
[BlackElo "2634"]
[TimeControl "180+2"]
[EndTime "13:21:56 PST"]
[Termination "SCIM won by resignation"]

1. d4 Nf6 2. c4 c5 3. d5 b5 4. cxb5 a6 5. bxa6 g6 6. Nc3 Bxa6 7. e4 Bxf1 8. Kxf1 d6 9. Nf3 Bg7 10. g3 O-O 11. Kg2 Nbd7 12. Re1 Ra6 13. a4 Qa8 14. Qc2 Rb8 15. Bd2 Ng4 16. Bg5 h6 17. Bf4 Rb4 18.
Ra3 Nge5 19. Nxe5 Nxe5 20. Nb5 Raxa4 21. Rxa4 Qxa4 22. Qxa4 Rxa4 23. Bxe5 Bxe5 24. f4 Bxb2 25. e5 dxe5 26. fxe5 Rb4 27. Nc7 Rd4 28. e6 f5 29. Re2 Bc1 30. Ra2 Kg7 31. Ne8+ Kh7 32. Ra7 Bg5 33. h4 Rxd5 34. hxg5 hxg5 35. Nf6+ 1-0

[Event "*** Titled Tuesday 3|2 Blitz"]
[Site "Chess.com"]
[Date "2017.03.07"]
[Round "2"]
[White "SergeiAza"]
[Black "littleozy"]
[Result "1-0"]
[WhiteElo "2604"]
[BlackElo "2280"]
[TimeControl "180+2"]
[EndTime "13:21:56 PST"]
[Termination "SergeiAza won by checkmate"]

1. e4 c5 2. Nf3 d6 3. d4 cxd4 4.
Nxd4 Nf6 5. Nc3 a6 6. Bg5 e6 7. f4 b5 8. e5 dxe5 9. fxe5 Qc7 10. exf6 Qe5+ 11. Be2 Qxg5 12. Qd3 Ra7 13. O-O Rd7 14. Ne4 Qe5 15. Nf3 Qc7 16. Qe3 Bb7 17. Nfg5 g6 18. Kh1 Bh6 19. Qh3 Bxg5 20. Nxg5 Qc5 21. Qh6 Qf8 22. Qh4 Qc5 23. Bf3 Bxf3 24. Nxf3 h6 25. Rae1 Nc6 26. c3 Rd5 27. Qe4 Rf5 28.
Nd4 Rxf1+ 29. Rxf1 Nd8 30. h3 O-O 31. Qe3 Kh7 32. Rf4 h5 33. Rh4 e5 34. Qg5 Ne6 35. Rxh5+ gxh5 36. Nxe6 fxe6 37. Qg7# 1-0

[Event "*** Titled Tuesday 3|2 Blitz"]
[Site "Chess.com"]
[Date "2017.03.07"]
[Round "2"]
[White "manubibi"]
[Black "alekroth64"]
[Result "1-0"]
[WhiteElo "2409"]
[BlackElo "2250"]
[TimeControl "180+2"]
[EndTime "13:21:58 PST"]
[Termination "manubibi won by resignation"]

1. e4 e5 2. Nf3 Nc6 3. Bb5 a6 4.
Ba4 Nf6 5. O-O Be7 6. Re1 b5 7. Bb3 d6 8. c3 O-O 9. h3 Na5 10. Bc2 c5 11. d4 Qc7 12. Nbd2 cxd4 13. cxd4 Nc6 14. Nb3 a5 15. Be3 a4 16. Nbd2 Be6 17. d5 Nb4 18. Bb1 Bd7 19. a3 Na6 20. Bd3 b4 21. Rc1 Qb7 22. Nc4 Bb5 23. Na5 Qd7 24. Nc6 Bxd3 25. Qxd3 bxa3 26. bxa3 Nc7 27. Rc4 Rfe8 28. Rb1 Bf8 29. Rb7 Qc8 30. Qb1 Ncxd5 31.
exd5 Nxd5 32. Ne7+ Nxe7 33. Rxc8 Rexc8 34. Ng5 g6 35. Qa2 d5 36. Nxf7 Kxf7 37. Qxd5+ Ke8 38. Qxe5 Rd8 39.
Bg5 Rd7 40. Rxd7 Kxd7 41. Bxe7 1-0

[Event "*** Titled Tuesday 3|2 Blitz"]
[Site "Chess.com"]
[Date "2017.03.07"]
[Round "2"]
[White "underdogchss"]
[Black "1e41-0"]
[Result "0-1"]
[WhiteElo "2433"]
[BlackElo "2317"]
[TimeControl "180+2"]
[EndTime "13:21:59 PST"]
[Termination "1e41-0 won by resignation"]

1. d4 d5 2. Nf3 Nf6 3. c4 c6 4. Nc3 e6 5. Bg5 h6 6. Bxf6 Qxf6 7. e3 Nd7 8. Qc2 g6 9. cxd5 exd5 10. Bd3 Bg7 11. O-O O-O 12. b4 Re8 13. Rab1 Nf8 14. Ne5 Qe7 15. f4 Nd7 16. Kh1 Qd6 17.
Qf2 b6 18. a4 Bb7 19. Qg3 Rab8 20. a5 c5 21. Nb5 Qe7 22. a6 Ba8 23. Nxf7 Qxf7 24. Bxg6 Qe7 25. Nc7 Rf8 26. f5 Nf6 27. Ne6 Ne4 28. Qg4 Rf6 29. Rbe1 c4 30. h3 Bc6 31.
Bh5 Bd7 32. Rf4 Bxe6 33. fxe6 Rxf4 34. exf4 Nf2+ 35. Kg1 Nxg4 36. hxg4 Rf8 37. f5 c3 38. Re2 Bxd4+ 39. Kf1 Rc8 40. Bf7+ Kg7 41. g5 0-1

[Event "*** Titled Tuesday 3|2 Blitz"]
[Site "Chess.com"]
[Date "2017.03.07"]
[Round "2"]
[White "Alex_Molchanov"]
[Black "AlexZambrano"]
[Result "1-0"]
[WhiteElo "2471"]
[BlackElo "2259"]
[TimeControl "180+2"]
[EndTime "13:22:00 PST"]
[Termination "Alex_Molchanov won by checkmate"]

1. d4 Nf6 2. c4 g6 3. Nc3 Bg7 4.
e4 d6 5. Be2 O-O 6. Nf3 c5 7.
d5 e6 8. O-O exd5 9. exd5 Bf5 10. Bg5 h6 11. Bh4 Nbd7 12. Bg3 Ne4 13. Nxe4 Bxe4 14.
Bxd6 Bxb2 15. Bxf8 Kxf8 16. Nd2 Nf6 17. Nxe4 Nxe4 18.
Rb1 Bd4 19. Qc2 Qh4 20. Bf3 Ng5 21. Qd3 b6 22. Rbe1 Qf4 23. Bd1 Rd8 24. g3 Qd6 25. Kg2 Kg7 26. f4 Nh7 27. Bc2 Nf6 28. Re2 h5 29.
Rfe1 Rd7 30. Qf3 a6 31. h3 b5 32. Bd3 b4 33. g4 hxg4 34. hxg4 a5 35. f5 g5 36. Rh1 Kf8 37. Qh3 Ng8 38. Bc2 Bg7 39.
Qf3 Nf6 40. Qe3 Nxg4 41. Qe8# 1-0

[Event "*** Titled Tuesday 3|2 Blitz"]
[Site "Chess.com"]
[Date "2017.03.07"]
[Round "2"]
[White "popov_m"]
[Black "Vamostodorecto"]
[Result "1-0"]
[WhiteElo "2389"]
[BlackElo "2385"]
[TimeControl "180+2"]
[EndTime "13:22:09 PST"]
[Termination "popov_m won by resignation"]

1. d4 d5 2. Bf4 Nc6 3. e3 Nf6 4.
Nf3 Bg4 5. Be2 e6 6. Nbd2 Bd6 7.
Bg3 O-O 8. c3 Ne7 9. Ne5 Bxe2 10. Qxe2 c5 11. O-O Rc8 12. h3 Ng6 13. Nb3 c4 14. Nd2 Bxe5 15. dxe5 Nd7 16. f4 Nc5 17. Nf3 Ne4 18. Bh2 Ne7 19. g4 b5 20. Nd4 Qb6 21.
f5 exf5 22. gxf5 Qh6 23. Qg2 Qxe3+ 24. Kh1 Qg5 25. Qxg5 Nxg5 26. f6 gxf6 27. h4 Ne4 28. exf6 Ng6 29. h5 Nh4 30. Rf4 Kh8 31. Rxh4 b4 32. cxb4 Rg8 33. Rf1 c3 34. bxc3 Rxc3 35. Bf4 Rd3 36. Nf5 Ra3 37. Nh6 Ng3+ 38. Bxg3 Rgxg3 39. Re1 Rae3 40. Rxe3 Rxe3 41. Rg4 Re1+ 42. Kg2 1-0

[Event "*** Titled Tuesday 3|2 Blitz"]
[Site "Chess.com"]
[Date "2017.03.07"]
[Round "2"]
[White "ftorodent"]
[Black "GMCanty"]
[Result "0-1"]
[WhiteElo "2488"]
[BlackElo "2321"]
[TimeControl "180+2"]
[EndTime "13:22:09 PST"]
[Termination "GMCanty won by resignation"]

1. d4 Nf6 2. c4 c5 3. d5 d6 4. Nc3 e5 5. e4 Be7 6. Bd3 O-O 7. h3 Ne8 8. Nf3 f5 9. exf5 Bxf5 10.
Bxf5 Rxf5 11. Ne4 Nd7 12. O-O Rf8 13. Be3 h6 14. Nfd2 Nef6 15. Rb1 b5 16. cxb5 Qa5 17.
Nc4 Qxb5 18. Nexd6 Bxd6 19. Nxd6 Qa6 20. Nf5 Qxa2 21.
Ne7+ Kf7 22. d6 Rad8 23. Qc2 e4 24. Bxc5 Nxc5 25. Qxc5 Qe6 26. Rbd1 Rd7 27. Rfe1 Rfd8 28. Nc6 Re8 29. Nxa7 Qe5 30. Qc4+ Qe6 31. Qc6 Rxa7 32. b4 Qd7 33. Qc4+ Qe6 34. Qd4 Rb7 35. Rc1 Rd8 36.
Red1 Rdd7 37. Rc5 Rb6 38. Rc7 Rxd6 39. Qxd6 Qxd6 40. Rxd6 Rxc7 41. b5 Rb7 42. b6 Ke7 43. Rc6 Kd7 44. Rc5 Rxb6 45. g4 Ke6 46. g5 hxg5 47.
Rxg5 Kf7 48. Kg2 Rb2 49. Re5 Kg6 50. Kg3 Nh5+ 51. Kg4 Nf6+ 52. Kg3 Rb3+ 53. Kg2 Rf3 54.
Rxe4 Rxf2+ 0-1

[Event "*** Titled Tuesday 3|2 Blitz"]
[Site "Chess.com"]
[Date "2017.03.07"]
[Round "2"]
[White "BillieKimbah"]
[Black "Vrolijk"]
[Result "0-1"]
[WhiteElo "2586"]
[BlackElo "2310"]
[TimeControl "180+2"]
[EndTime "13:22:11 PST"]
[Termination "Vrolijk won on time"]

1. d4 Nf6 2. Bf4 d6 3. Nc3 Nbd7 4. Nf3 g6 5. e4 Bg7 6. h3 O-O 7.
Qd2 e5 8. dxe5 dxe5 9. Bh6 Nc5 10. Qxd8 Rxd8 11. Bxg7 Kxg7 12. Nd2 Be6 13. O-O-O Rd7 14. Be2 Rad8 15. g4 h6 16. b4 Na6 17. Bxa6 bxa6 18. Nb3 Bxb3 19. cxb3 Rd4 20. f3 Rb8 21. a3 c5 22. Na2 cxb4 23. axb4 a5 24. Rxd4 exd4 25. Rd1 axb4 26. Rxd4 a5 27. e5 Ne8 28. Rd5 Ra8 29. Rc5 Ra7 30. f4 Rc7 31. Rc2 Kf8 32.
Kd2 Ke7 33. Nc1 Ke6 34. Ra2 Rc5 35. Nd3 Rd5 36. Ke3 Nc7 37. Ke4 Nb5 38. f5+ gxf5+ 39. gxf5+ Ke7 40. f6+ Kd7 0-1

[Event "*** Titled Tuesday 3|2 Blitz"]
[Site "Chess.com"]
[Date "2017.03.07"]
[Round "2"]
[White "MyleneFarmer"]
[Black "WanderingPuppet"]
[Result "1/2-1/2"]
[WhiteElo "2355"]
[BlackElo "2338"]
[TimeControl "180+2"]
[EndTime "13:22:14 PST"]
[Termination "Game drawn by repetition"]

1. d4 Nf6 2. Nf3 g6 3. c4 Bg7 4.
Nc3 O-O 5. e4 d6 6. Be2 c5 7. d5 e5 8. dxe6 Bxe6 9. O-O Nc6 10. h3 Qb6 11. b3 Nxe4 12. Nxe4 Bxa1 13. Bh6 Bg7 14. Bxg7 Kxg7 15. Qa1+ Nd4 16. Nxd4 cxd4 17.
Rd1 f6 18. Rxd4 Rad8 19. Qd1 Rf7 20. h4 Rfd7 21. Nc3 Qc5 22. Bf3 a6 23. h5 Qe5 24.
Re4 Qxc3 25. Rxe6 b5 26. Qe2 Qc1+ 27. Kh2 Rf7 28. Bd5 Qg5 29. hxg6 hxg6 30. Re8 Rxe8 31. Qxe8 Qf4+ 32. Kg1 Qc1+ 33. Kh2 Qf4+ 34. Kg1 Qc1+ 35. Kh2 Qf4+ 36. Kh3 Qh6+ 37. Kg3 Qg5+ 38. Kf3 Qf5+ 39.
Kg3 Qg5+ 40. Kh3 Qf5+ 41. Kh2 Qf4+ 42. Kh3 Qf5+ 43. g4 Qd3+ 44. f3 Qf1+ 45. Kg3 Qg1+ 46. Kh3 Qh1+ 47. Kg3 Qg1+ 48. Kf4 Qd4+ 49. Kg3 Qg1+ 50.
Kh3 Qh1+ 51. Kg3 Qg1+ 52. Kf4 Qd4+ 53. Kg3 Qg1+ 1/2-1/2

[Event "*** Titled Tuesday 3|2 Blitz"]
[Site "Chess.com"]
[Date "2017.03.07"]
[Round "2"]
[White "Gabix_94"]
[Black "Paralinch"]
[Result "1-0"]
[WhiteElo "2518"]
[BlackElo "2607"]
[TimeControl "180+2"]
[EndTime "13:22:19 PST"]
[Termination "Gabix_94 won by resignation"]

1. e4 c6 2. d4 d5 3. Nd2 dxe4 4. Nxe4 Bf5 5. Ng3 Bg6 6. h4 h6 7. Bc4 e6 8. N1e2 Nf6 9. Nf4 Bh7 10. Be3 Nd5 11.
Qe2 Be7 12. O-O-O O-O 13. Ngh5 Nxf4 14. Bxf4 Bg6 15. Rh3 Qa5 16. g4 Nd7 17. Bxe6 fxe6 18. Qxe6+ Kh7 19. Qxe7 Rf7 20. Qe3 Qxa2 21. Ng3 Qa1+ 22.
Kd2 Qxb2 23. Rc1 Re8 24. Qxe8 Rxf4 25. Qe3 Rxd4+ 26. Ke2 Nf6 27. Kf3 Nxg4 28. Qe1 Bxc2 29. Kg2 Bg6 30. h5 Bf7 31. Kg1 Nxf2 32. Rh2 Qxc1 33. Qxc1 Rd1+ 34. Qxd1 Nxd1 35. Rd2 Ne3 36. Rd7 Bd5 37. Rxb7 a5 38. Ra7 Ng4 39. Nf5 a4 40. Rxg7+ Kh8 41. Rxg4 a3 42. Ra4 a2 43. Ra7 c5 44.
Ne3 Bb3 45. Kf2 c4 46. Nd5 Kg8 47. Ke3 Kf8 48. Kd4 Ke8 49. Nc3 1-0

[Event "*** Titled Tuesday 3|2 Blitz"]
[Site "Chess.com"]
[Date "2017.03.07"]
[Round "2"]
[White "Vegan4future"]
[Black "RoelandPruijssers"]
[Result "0-1"]
[WhiteElo "2263"]
[BlackElo "2498"]
[TimeControl "180+2"]
[EndTime "13:22:19 PST"]
[Termination "RoelandPruijssers won by checkmate"]

1. d4 f5 2. Qd3 e6 3. e4 fxe4 4.
Qxe4 Nf6 5. Qh4 Be7 6. Bg5 O-O 7. Bd3 g6 8. Nf3 Nc6 9. Nc3 Nh5 10. Ne4 d5 11.
Bxe7 Qxe7 12. Qxe7 Nxe7 13. Nc5 Nf4 14. Bf1 b6 15.
Nd3 Nc6 16. O-O-O a6 17. c3 Nxd3+ 18. Bxd3 Bd7 19. Rde1 b5 20. a3 Kg7 21. Re2 h6 22.
Rf1 g5 23. Ne5 Nxe5 24. Rxe5 Rf4 25. f3 Raf8 26. h3 R4f6 27. Rfe1 Rf4 28. Kd2 Kf6 29. b4 Kf7 30. R1e3 a5 31. Kc2 Ra8 32. Kb2 Rf6 33. Re1 c6 34. Rh1 Rf4 35. Ra1 Ke7 36. Ree1 Kd6 37.
a4 axb4 38. axb5 Rxa1 39. Rxa1 cxb5 40. cxb4 Rxd4 41. Kc3 Rf4 42. Ra5 e5 43. Ra6+ Kc7 44.
Rxh6 e4 45. Be2 d4+ 46. Kd2 e3+ 47. Kd3 Bf5# 0-1

[Event "*** Titled Tuesday 3|2 Blitz"]
[Site "Chess.com"]
[Date "2017.03.07"]
[Round "2"]
[White "SavelijTartakover"]
[Black "DryCounty"]
[Result "1-0"]
[WhiteElo "2571"]
[BlackElo "2529"]
[TimeControl "180+2"]
[EndTime "13:22:23 PST"]
[Termination "SavelijTartakover won by resignation"]

1. d4 Nf6 2. c4 g6 3. Nc3 Bg7 4.
e4 d6 5. Be2 O-O 6. Bg5 c6 7. Qd2 a6 8. a4 a5 9. Nf3 Na6 10. O-O Bg4 11. Rfd1 Nb4 12. h3 Bxf3 13. Bxf3 e5 14. d5 Qb6 15. dxc6 bxc6 16. Qxd6 Rad8 17.
c5 Qb8 18. Qxb8 Rxb8 19. Rd6 Ne8 20. Rd2 Bf6 21. Be3 Ng7 22. Bg4 h5 23. Bd7 Rfd8 24.
Rad1 Be7 25. g3 h4 26. Kg2 hxg3 27. fxg3 Nh5 28. Bg4 Nf6 29. Rxd8+ Rxd8 30. Rxd8+ Bxd8 31. Be2 Be7 32. Bc4 Nd7 33. Na2 Nxa2 34. Bxa2 Bxc5 35.
Bd2 Bb6 36. b4 axb4 37. Bxb4 Nc5 38. a5 Ba7 39. Kf3 Nd3 40. Bc3 Kf8 41. Bc4 Nc5 42.
Bxe5 Ke7 43. Bd4 Kd6 44. Bxf7 g5 45. h4 gxh4 46. gxh4 Bb8 47. e5+ Ke7 48. Bxc5+ Kxf7 49. Ke4 Ke6 50. a6 1-0

[Event "*** Titled Tuesday 3|2 Blitz"]
[Site "Chess.com"]
[Date "2017.03.07"]
[Round "2"]
[White "plouarzel"]
[Black "GianmarcoVaR"]
[Result "0-1"]
[WhiteElo "2349"]
[BlackElo "2413"]
[TimeControl "180+2"]
[EndTime "13:22:23 PST"]
[Termination "GianmarcoVaR won by resignation"]

1. d4 Nf6 2. c4 e6 3. Nc3 Bb4 4.
e3 O-O 5. Bd3 d5 6. a3 dxc4 7.
Bxh7+ Nxh7 8. axb4 e5 9. dxe5 Nc6 10. Nf3 Qxd1+ 11. Kxd1 Bg4 12. Ke2 Nxe5 13. h3 Bxf3+ 14.
gxf3 a6 15. f4 Nd3 16. b3 Nxc1+ 17. Rhxc1 cxb3 18. Rcb1 Rfd8 19. Rxb3 Nf6 20. Kf3 c6 21. Na4 Rac8 22. Nc5 Rc7 23. Rbb1 Kf8 24. Rg1 Rd6 25. h4 g6 26. Ra3 Ke7 27. e4 Rd4 28. Rb3 Rc4 29.
Rgb1 a5 30. e5 Nd5 31. Ne4 axb4 32. h5 gxh5 33. f5 c5 34. Rg1 Rd4 35. Rg7 c4 36. Rb1 Rxe4 37. Kxe4 Nc3+ 38. Kd4 Nxb1 39. e6 Kf6 40.
exf7 Kxg7 0-1

[Event "*** Titled Tuesday 3|2 Blitz"]
[Site "Chess.com"]
[Date "2017.03.07"]
[Round "2"]
[White "Cecile_Haussernot"]
[Black "GMOratovsky"]
[Result "1-0"]
[WhiteElo "2282"]
[BlackElo "2384"]
[TimeControl "180+2"]
[EndTime "13:22:35 PST"]
[Termination "Cecile_Haussernot won by checkmate"]

1. Nf3 d6 2. g3 g6 3. Bg2 Bg7 4.
O-O Nf6 5. d3 O-O 6. e4 c5 7. c3 Nc6 8. h3 Rb8 9. Be3 Bd7 10.
Nbd2 b5 11. d4 cxd4 12. cxd4 a5 13. Rc1 Rc8 14. g4 Nb4 15. a3 Na6 16. Qe2 Rxc1 17. Rxc1 Qb8 18. Qd3 Rc8 19. Re1 b4 20. Qxa6 bxa3 21.
bxa3 a4 22. e5 dxe5 23. dxe5 Nd5 24. Rb1 Qc7 25. Bd4 Nf4 26. Ne4 Nxg2 27. Kxg2 Bc6 28. Rc1 Qd7 29. Nc5 Bxf3+ 30. Kxf3 Qd5+ 31. Ke3 Ra8 32. Qb7 Qd8 33. Nd7 Bh6+ 34. f4 Kg7 35.
e6+ f6 36. Bb6 Qg8 37. Bd4 Qxe6+ 38. Kf3 Rd8 39. Nc5 Qd6 40. Re1 Qxf4+ 41. Kg2 Qd2+ 42. Bf2 Kh8 43. Rxe7 Qd5+ 44. Qxd5 Rxd5 45. Ne6 Bc1 46. Re8# 1-0

[Event "*** Titled Tuesday 3|2 Blitz"]
[Site "Chess.com"]
[Date "2017.03.07"]
[Round "2"]
[White "Carolina-moon"]
[Black "olgerts_indricans"]
[Result "0-1"]
[WhiteElo "2071"]
[BlackElo "2193"]
[TimeControl "180+2"]
[EndTime "13:22:36 PST"]
[Termination "olgerts_indricans won by checkmate"]

1. e4 c5 2. Nc3 e6 3. g3 d5 4. exd5 exd5 5. Bg2 d4 6. Nd5 Nf6 7.
Qe2+ Be7 8. Nxf6+ gxf6 9. d3 h5 10. Nf3 Nc6 11. Bf4 Bg4 12. h3 Be6 13. Nd2 Qd7 14. O-O-O O-O-O 15. Rde1 Bd6 16. Bxd6 Qxd6 17. Ne4 Qe7 18. Qd2 f5 19. Ng5 h4 20. Qf4 hxg3 21. fxg3 Rdg8 22. h4 Nb4 23. a3 Na6 24. Bh3 Qf6 25.
Re5 b6 26. Rhe1 Nc7 27. Ne4 Qg6 28. Nd6+ Kd7 29. Bxf5 Qxg3 30. Bxe6+ fxe6 31. Qxg3 Rxg3 32. Ne4 Rg2 33. Ng5 Rxh4 34. Nxe6 Rhh2 35. Nf8+ Kc6 36.
Kb1 Rxc2 37. Ka1 Rxb2 38. Rg5 Ra2+ 39. Kb1 Rhb2+ 40. Kc1 Rc2+ 41. Kb1 Nb5 42. Rg6+ Kb7 43. Re7+ Ka6 44. Nd7 Nxa3# 0-1

[Event "*** Titled Tuesday 3|2 Blitz"]
[Site "Chess.com"]
[Date "2017.03.07"]
[Round "2"]
[White "Jadeit90"]
[Black "Makalexa"]
[Result "0-1"]
[WhiteElo "2137"]
[BlackElo "2122"]
[TimeControl "180+2"]
[EndTime "13:22:39 PST"]
[Termination "Makalexa won by checkmate"]

1. e4 e5 2. Nf3 Nc6 3. Nc3 Nf6 4. d4 Bb4 5. Bc4 Nxe4 6. O-O Bxc3 7. bxc3 d5 8. Re1 Nxc3 9. Qd2 dxc4 10. Qxc3 O-O 11.
Nxe5 Qxd4 12. Bb2 Qxc3 13. Bxc3 Nxe5 14. Bxe5 c6 15. Bd6 Rd8 16. Bc7 Rf8 17. Bd6 Bf5 18. Bxf8 Kxf8 19. c3 Rb8 20. Re3 Be6 21. Rd1 Ke7 22.
Rd4 b5 23. f4 g6 24. Kf2 h5 25.
h3 a5 26. g4 hxg4 27. hxg4 c5 28. Rd2 Kf6 29. Kg3 b4 30. Re5 b3 31. Rb2 a4 32.
a3 Rd8 33. Rxc5 Rd3+ 34. Kf2 Rxc3 35. g5+ Ke7 36. Ke1 Re3+ 37. Kd2 Rd3+ 38. Ke2 Rh3 39. Rb1 c3 40. Rc7+ Kf8 41. Rb7 c2 42. Rc1 Bg4+ 43.
Kd2 Bf5 44. Re1 Rf3 45. Rb8+ Kg7 46. Ree8 Rf2+ 47. Ke3 c1=Q+ 48. Kxf2 Qc2+ 49. Kg3 Qc3+ 50. Kh4 Qh3# 0-1

[Event "*** Titled Tuesday 3|2 Blitz"]
[Site "Chess.com"]
[Date "2017.03.07"]
[Round "2"]
[White "Rbrrt"]
[Black "ChristopherYoo"]
[Result "1-0"]
[WhiteElo "2058"]
[BlackElo "2151"]
[TimeControl "180+2"]
[EndTime "13:22:40 PST"]
[Termination "Rbrrt won by resignation"]

1. e4 c5 2. Nf3 d6 3. d4 cxd4 4.
Nxd4 Nf6 5. Nc3 a6 6. h3 e6 7. g4 h6 8. Bg2 Be7 9. O-O Nbd7 10. f4 Qb6 11. Kh1 e5 12. Nf5 Bf8 13. Be3 Qc7 14. Qd2 g6 15. Ng3 Be7 16. Rad1 b5 17. a3 exf4 18. Bxf4 Ne5 19. Bxe5 dxe5 20.
Nd5 Qd8 21. Nxf6+ Bxf6 22. Qf2 Qc7 23. Qxf6 O-O 24. c3 Be6 25. Nf5 gxf5 26. gxf5 Bc4 27.
Rf3 Kh7 28. Rd6 Be6 29. Qxe5 Bc4 30. Qf6 Be6 31. Qd4 Rad8 32. e5 Bc4 33. f6 Rxd6 34. exd6 Qd7 35. Rg3 Be6 36. Be4+ Kh8 37. Qe5 Rg8 38.
Rxg8+ Kxg8 39. Qg3+ Kf8 40. Qg7+ 1-0

[Event "*** Titled Tuesday 3|2 Blitz"]
[Site "Chess.com"]
[Date "2017.03.07"]
[Round "2"]
[White "MattyDPerrine"]
[Black "oggy1984"]
[Result "0-1"]
[WhiteElo "2186"]
[BlackElo "2354"]
[TimeControl "180+2"]
[EndTime "13:22:42 PST"]
[Termination "oggy1984 won by checkmate"]

1. Nf3 d5 2. g3 Nf6 3. Bg2 c6 4.
O-O Bg4 5. Ne5 Bh5 6. c4 e6 7. cxd5 exd5 8. d4 Be7 9. Nc3 O-O 10. Nd3 Nbd7 11. Nf4 Bg4 12. h3 Bf5 13. g4 Bg6 14.
Nxg6 hxg6 15. Bf4 Re8 16. Rb1 Nf8 17. b4 a6 18. a4 Ne6 19. Bg3 Bd6 20. Bxd6 Qxd6 21.
e3 Ng5 22. Qc2 Re7 23. b5 axb5 24. axb5 Ra3 25. Rb3 Rxb3 26. Qxb3 Rxe3 27. fxe3 Qg3 28. Ne2 Nxh3+ 29. Kh1 Qh4 30. Qa2 Nf2+ 31. Kg1 N6xg4 32. Rb1 Qh2+ 33. Kf1 Nh3 34. Ke1 Qxg2 35. Nc3 Qg1+ 36. Kd2 Qxe3+ 37. Kc2 Nhf2 38. Qa8+ Kh7 39. Qxb7 Qd3+ 40.
Kb2 Qc4 41. Qxc6 Nd3+ 42. Ka3 Qxd4 43. Rh1+ Nh6 44. b6 Qb4+ 45. Ka2 Qb2# 0-1